 Dungeon Crawl Stone Soup version 0.26-a0-158-g66bac3cce0 (webtiles) character file.

Game seed: 1431619120555718293

1466663 hittemvvvvhard the Crack Shot (level 26, 236/236 HPs)
             Began as a Demigod Hunter on July 2, 2020.
             Escaped with the Orb
             ... and 3 runes!
             The game lasted 03:49:14 (101175 turns).

hittemvvvvhard the Crack Shot (Demigod Hunter)    Turns: 101175, Time: 03:49:15

Health: 236/236    AC: 42    Str: 36    XL:     26   Next: 40%
Magic:  42/42      EV: 27    Int: 13    God:
Gold:   4518       SH:  0    Dex: 16    Spells: 14/45 levels left

rFire    + . .     SeeInvis .   a - +9 longbow (freeze)
rCold    + + +     Faith    .   (shield currently unavailable)
rNeg     . . .     Spirit   +   y - +9 gold dragon scales
rPois    +         Reflect  .   K - +0 helmet of the Equinox {Slay+6}
rElec    .         Harm     .   B - scarf {repulsion}
rCorr    .                      q - +2 pair of gloves
MR       +++..                  T - +4 pair of boots of Disappointment {Str+2}
Stlth    ..........             G - amulet of guardian spirit {Spirit}
HPRegen  0.49/turn              M - ring "Tuptadec" {MR+ Str+3 Slay+2}
MPRegen  0.28/turn              f - ring of Phasing {EV+8}

@: repel missiles
A: cold resistance 2, dopey 1, high mp 1, no potion heal 2, sturdy frame 1
0: Orb of Zot
}: 3/15 runes: decaying, silver, gossamer
a: no special abilities


You escaped.
You were not hungry.

You visited 10 branches of the dungeon, and saw 52 of its levels.
You visited 2 bazaars.
You also visited: Bailey, Gauntlet and Ice Cave.

You collected 16991 gold pieces.
You spent 12473 gold pieces at shops.

Inventory:

Hand Weapons
 a - a +9 longbow of freezing (weapon)
Missiles
 j - 20 curare-tipped darts
 w - 2 datura-tipped darts
 N - 18 atropa-tipped darts
 Q - 386 arrows (quivered)
 W - 17 javelins
 X - 8 throwing nets {=f}
Armour
 q - a +2 pair of gloves (worn)
 y - +9 gold dragon scales (worn)
 B - a scarf of repulsion (worn)
 K - the +0 helmet of the Equinox (worn) {Slay+6}
   (You bought it in a shop in a bazaar)

   It affects your accuracy and damage with ranged weapons and melee attacks
   (+6).
 T - the +4 pair of boots of Disappointment (worn) {Str+2}
   (You bought it in a shop on level 8 of the Dungeon)

   It affects your strength (+2).
Jewellery
 f - the ring of Phasing (right hand) {EV+8}
   (You found it on level 3 of the Elven Halls)

   [ring of evasion]

   It affects your evasion (+8).
 C - a +6 ring of strength
 F - the ring "Syrgho" {rElec rF+ rN+ EV+4 Int+2}
   (You bought it in a shop on level 5 of the Depths)

   [ring of evasion]

   It affects your evasion (+4).
   It affects your intelligence (+2).
   It protects you from fire.
   It insulates you from electricity.
   It protects you from negative energy.
 G - an amulet of guardian spirit (around neck) {Spirit}
 I - an uncursed ring of protection from cold
 M - the ring "Tuptadec" (left hand) {MR+ Str+3 Slay+2}
   (You took it off a vault guard on level 5 of the Vaults)

   [ring of protection from magic]

   It affects your strength (+3).
   It affects your accuracy and damage with ranged weapons and melee attacks
   (+2).
   It affects your resistance to hostile enchantments.
 S - an uncursed ring of see invisible
Wands
 h - a wand of paralysis (53)
 D - a wand of digging (25)
 H - a wand of disintegration (27)
 P - a wand of acid (13)
 U - a wand of enslavement (38)
 Z - a wand of iceblast (65)
Scrolls
 g - 15 scrolls of remove curse
 i - 14 scrolls of identify
 n - 7 scrolls of fog
 r - a scroll of magic mapping {!r}
 s - 4 scrolls of holy word {!r}
 t - 17 scrolls of teleportation
 x - 3 scrolls of summoning
 E - 15 scrolls of blinking {!r}
 R - 3 scrolls of vulnerability {!r!r}
 V - 5 scrolls of fear
Potions
 k - 4 potions of invisibility
 l - 24 potions of curing
 o - 5 potions of cancellation
 p - 4 potions of flight
 u - 9 potions of haste
 v - 5 potions of heal wounds
 z - 3 potions of magic
 J - 2 potions of resistance
 L - 11 potions of lignification {!q}
 O - 7 potions of ambrosia
 Y - 5 potions of mutation {!q}
Miscellaneous
 b - 6 phantom mirrors
 c - a lightning rod (4/4)
 d - 9 boxes of beasts
 m - a tin of tremorstones (3/3)
 A - a phial of floods
Comestibles
 e - 52 rations


   Skills:
 + Level 19.0 Fighting
 - Level 21.5 Bows
 - Level 6.0 Throwing
 + Level 19.0 Armour
 - Level 16.7 Dodging
 - Level 0.8 Stealth
 - Level 10.0 Spellcasting
 - Level 11.0 Hexes
 - Level 2.0 Charms
 - Level 19.0 Summonings
 - Level 2.0 Translocations
 - Level 3.0 Transmutations
 - Level 2.0 Air Magic
 - Level 3.0 Earth Magic
 - Level 15.0 Evocations


You had 14 spell levels left.
You knew the following spells:

 Your Spells              Type           Power        Failure   Level  Hunger
a - Summon Mana Viper     Hex/Summ       #####...     3%          5    #####..
b - Blink                 Tloc           N/A          36%         2    None
c - Shadow Creatures      Summ           N/A          3%          6    ######.
d - Portal Projectile     Hex/Tloc       ###...       12%         3    #......
g - Apportation           Tloc           ##....       26%         1    None
q - Aura of Abjuration    Summ           ######....   1%          5    #####..
s - Swiftness             Chrm/Air       ##......     36%         2    None
w - Passwall              Tmut/Erth      ##......     26%         2    None
x - Iskenderun's Mystic   Conj/Tloc      #.......     98%         4    ###....
B - Summon Butterflies    Summ           ######..     1%          1    None

Your spell library contained the following spells:

 Spells                   Type           Power        Failure   Level  Hunger
 Corona                   Hex            #####..      1%          1    None
 Summon Small Mammal      Summ           ####         1%          1    None
 Call Imp                 Summ           ######..     1%          2    None
 Slow                     Hex            #####...     1%          2    None
 Call Canine Familiar     Summ           ######..     1%          3    #......
 Confusing Touch          Hex            #####...     1%          3    #......
 Summon Guardian Golem    Hex/Summ       #####...     1%          3    #......
 Tukima's Dance           Hex            #####...     1%          3    #......
 Summon Demon             Summ           ######....   1%          5    #####..
 Recall                   Summ/Tloc      N/A          2%          3    #......
 Cause Fear               Hex            #####.....   6%          4    ###....
 Summon Lightning Spire   Summ/Air       ####....     8%          4    ###....
 Ensorcelled Hibernation  Hex/Ice        ###...       10%         2    None
 Summon Ice Beast         Ice/Summ       ####....     12%         4    ###....
 Beastly Appendage        Tmut           ##....       17%         1    None
 Sandblast                Erth           ##....       17%         1    None
 Dazzling Flash           Conj/Hex       ###...       19%         3    #......
 Inner Flame              Hex/Fire       ###.....     19%         3    #......
 Monstrous Menagerie      Summ           ######....   21%         7    #######
 Summon Greater Demon     Summ           ######....   21%         7    #######
 Summon Hydra             Summ           ######....   21%         7    #######
 Summon Forest            Summ/Tloc      ####......   22%         5    #####..
 Sticks to Snakes         Tmut           ##......     26%         2    None
 Leda's Liquefaction      Hex/Erth       ###.......   32%         4    ###....
 Animate Skeleton         Necr           N/A          52%         1    None
 Foxfire                  Conj/Fire      #...         52%         1    None
 Freeze                   Ice            #...         52%         1    None
 Magic Dart               Conj           #...         52%         1    None
 Pain                     Necr           #...         52%         1    None
 Corpse Rot               Necr/Air       N/A          52%         2    None
 Poisonous Vapours        Pois/Air       #.....       52%         2    None
 Fulminant Prism          Conj/Hex       ###.......   52%         4    ###....
 Lesser Beckoning         Tloc           ##........   61%         3    #......
 Searing Ray              Conj           #.....       65%         2    None
 Sublimation of Blood     Necr           #.........   65%         2    None
 Spider Form              Tmut/Pois      ##........   67%         3    #......
 Stone Arrow              Conj/Erth      ##....       67%         3    #......
 Yara's Violent Unravell  Hex/Tmut       ###.......   67%         5    #####..
 Invisibility             Hex            #####...     69%         6    ######.
 Ignite Poison            Fire/Tmut/Pois #.......     75%         3    #......
 Ozocubu's Armour         Chrm/Ice       #.......     75%         3    #......
 Static Discharge         Conj/Air       #.......     75%         3    #......
 Silence                  Hex/Air        ###.......   75%         5    #####..
 Mephitic Cloud           Conj/Pois/Air  #.......     80%         3    #......
 Summon Horrible Things   Summ           ######....   85%         8    #######
 Petrify                  Tmut/Erth      ##......     86%         4    ###....
 Metabolic Englaciation   Hex/Ice        ###.......   86%         5    #####..
 Conjure Flame            Conj/Fire      #.......     87%         3    #......
 Frozen Ramparts          Ice            #.....       87%         3    #......
 Vampiric Draining        Necr           #.........   87%         3    #......
 Ice Form                 Ice/Tmut       ##......     97%         4    ###....
 Animate Dead             Necr           N/A          99%         4    ###....
 Dispel Undead            Necr           #.......     99%         4    ###....
 Hailstorm                Conj/Ice       #.......     99%         4    ###....
 Sticky Flame             Conj/Fire      #.......     99%         4    ###....
 Blade Hands              Tmut           ##........   99%         5    #####..
 Lee's Rapid Deconstruct  Erth           ##........   99%         5    #####..
 Agony                    Necr           #.......     100%        5    #####..
 Alistair's Intoxication  Tmut/Pois      ##......     100%        5    #####..
 Bolt of Magma            Conj/Fire/Erth #.........   100%        5    #####..
 Borgnjor's Vile Clutch   Necr/Erth      ##........   100%        5    #####..
 Excruciating Wounds      Chrm/Necr      #.........   100%        5    #####..
 Fireball                 Conj/Fire      #.........   100%        5    #####..
 Irradiate                Conj/Tmut      ##........   100%        5    #####..
 Death Channel            Necr           #.........   100%        6    ######.
 Eringya's Noxious Bog    Tmut/Pois      ##........   100%        6    ######.
 Freezing Cloud           Conj/Ice/Air   #.........   100%        6    ######.
 Hydra Form               Tmut           ##........   100%        6    ######.
 Iron Shot                Conj/Erth      ##........   100%        6    ######.
 Ozocubu's Refrigeration  Ice            #.........   100%        6    ######.
 Simulacrum               Ice/Necr       #.........   100%        6    ######.
 Starburst                Conj/Fire      #.........   100%        6    ######.
 Statue Form              Tmut/Erth      ##.......    100%        6    ######.
 Dragon Form              Tmut           ##........   100%        7    #######
 Malign Gateway           Summ/Tloc      ####......   100%        7    #######
 Ring of Flames           Chrm/Fire      #.........   100%        7    #######
 Discord                  Hex            #####.....   100%        8    #######
 Ignition                 Fire           #.........   100%        8    #######
 Dragon's Call            Summ           ######....   100%        9    #######
 Shatter                  Erth           ##........   100%        9    #######


Dungeon Overview and Level Annotations

Branches:
Dungeon (15/15)            Temple (0/1) D:6            Lair (6/6) D:9
  Swamp (4/4) Lair:4       Spider (4/4) Lair:2        Slime (0/5) Lair:6
    Orc (2/2) D:10            Elf (3/3) Orc:2        Vaults (5/5) D:13
  Crypt (3/3) Vaults:3       Tomb (0/3) Crypt:3      Depths (5/5) D:15
    Zot (5/5) Depths:5     Bailey (visited)           IceCv (visited)
Gauntlet (visited)

Shops:
D:8 !}*   Orc:1 :   Orc:2 %([[**   Elf:1 *(%%   Vaults:1 }   Vaults:2 *:[[
Depths:1 *   Depths:4 [   Depths:5 }=}

Portals:
Hell: Depths:1 Depths:2 Depths:3 Depths:4 Depths:5
Abyss: Depths:1 Depths:4
Pandemonium: Depths:1 Depths:3 Depths:5
Ziggurat: Depths:2
Trove: Elf:2 (give +8 demon whip)

Annotations:
Lair:5 3 runed translucent doors (disto ghost), Seod's ghost, journeyman FoAK
Swamp:1 2 transporters, Scuka's ghost, adept KoBe
Orc:2 3 runed translucent doors, Flugslaktarn's ghost, journeyman VSVM
Elf:2 exclusions: dancing weapon and 4 doors
Crypt:1 exclusion: downstairs
Crypt:3 2 transporters, Perovvi's ghost, adept GrFi
Depths:1 2 transporters, exclusion: orange crystal statue
Depths:2 1 runed translucent door, exclusions: eye of draining, 2 floating eyes and 1 more exclusion
Depths:5 1 runed translucent door, Taek's ghost, veteran DsWn
Zot:4 7 exclusions
Zot:5 2 exclusions


Innate Abilities, Weirdness & Mutations

You have an increased reservoir of magic. (+10% MP)
Your flesh is very cold resistant. (rC++)
You are dopey. (Int -2)
Potions are poor at restoring your health.
Your movements are slightly less encumbered by armour. (ER -2)


Message History

(N) Spider Nest (M) Slime Pits (O) Orcish Mines (E) Elven Halls (V) Vaults (C) Crypt (W) Tomb (U) Depths (H) Hell (Z) Zot
Where to? (Enter - D:1 @ (x,y), ? - help)
There is a stone staircase leading up here.
You climb upwards.
There is a stone staircase leading down here.
There is a stone staircase leading up here.
Things that are here:
a scroll of immolation {!r}; a scroll of amnesia You climb upwards.
There is a stone staircase leading down here.
Things that are here:
a +0 club; a +0 dagger You see here a +0 club.
There is a stone staircase leading up, spattered with blood here.
You climb upwards.
There is a stone staircase leading down here.
There is a staircase leading out of the dungeon here.
You have escaped!

############
#...............#
####.############
#.## #..# ## ##.#
##.# ## #.# ##.##
##.# #.# ##.#.##
##.#### #.# #
##.###.###.#.#@#
#.# ###.##
##.#.###.## #.##
.#.## ##.## ##.#
#.)# #.## ##.# ##
##.# ##.# ## #.#
## ##.# #..#
##.## #..#

Skill      XL: |  1  2  3  4  5  6  7  8  9 10 11 12 13 14 15 16 17 18 19 20 21 22 23 24 25 26 |
---------------+-------------------------------------------------------------------------------+-----
Bows           | 4 5 6 7 8 9 10 11 12 13 14 17 20 21 | 21.5
Fighting       | 4 6 7 10 11 12 13 15 16 18 19 | 19.0
Armour         | 3 5 6 7 8 9 11 12 13 15 16 18 19 | 19.0
Evocations     | 4 5 6 7 8 9 11 12 15 | 15.0
Dodging        | 3 5 11 15 16 | 16.7
Spellcasting   | 1 8 10 | 10.0
Hexes          | 5 9 11 | 11.0
Summonings     | 5 9 11 12 13 15 18 19 | 19.0
Transmutations | 3 |  3.0
Earth Magic    | 3 |  3.0
Translocations | 2 |  2.0
Charms         | 2 |  2.0
Air Magic      | 2 |  2.0
Throwing       | 6 |  6.0
Stealth        | |  0.8

Notes
Turn   | Place    | Note
-------+----------+-------------------------------------------
     0 | D:1      | hittemvvvvhard the Demigod Hunter began the quest for the
                  | Orb.
     0 | D:1      | Reached XP level 1. HP: 17/17 MP: 3/3
   251 | D:1      | Reached skill level 4 in Bows
   289 | D:1      | Reached XP level 2. HP: 24/24 MP: 4/4
   918 | D:2      | Noticed Robin
   946 | D:1      | Reached XP level 3. HP: 17/29 MP: 5/5
  1172 | D:2      | Killed Robin
  1546 | D:2      | Reached skill level 5 in Bows
  1828 | D:3      | Noticed Terence
  1829 | D:3      | Noticed Jessica
  1893 | D:3      | Found a shadowy altar of Dithmenos.
  1897 | D:3      | Found an iron altar of Okawaru.
  1902 | D:3      | Found a shimmering altar of Xom.
  1912 | D:3      | Reached XP level 4. HP: 35/36 MP: 6/6
  2041 | D:3      | Killed Terence
  2242 | D:3      | You fall into a shaft and drop 3 floors!
  2382 | D:6      | Noticed Prince Ribbit
  2483 | D:7      | Reached skill level 6 in Bows
  2483 | D:7      | Reached XP level 5. HP: 26/41 MP: 7/7
  2493 | D:7      | Found an ancient bone altar of Kikubaaqudgha.
  2756 | D:7      | Noticed a centaur
  2776 | D:7      | Killed a centaur
  2776 | D:7      | Reached skill level 7 in Bows
  2776 | D:7      | Reached XP level 6. HP: 13/48 MP: 8/8
  3230 | D:7      | Got a pitted falchion
  3231 | D:7      | Identified the cursed +2 falchion "Earthworm" {venom,
                  | Fragile rPois rF+ rN++} (You found it on level 7 of the
                  | Dungeon)
  3269 | D:5      | Entered Level 5 of the Dungeon
  3300 | D:5      | Found a stormy altar of Qazlal.
  3326 | D:5      | Got a slimy falchion
  3341 | D:5      | Noticed Blork the orc
  3349 | D:5      | Killed Blork the orc
  3349 | D:5      | Reached skill level 8 in Bows
  3349 | D:5      | Reached XP level 7. HP: 40/52 MP: 9/9
  3923 | D:5      | Reached skill level 9 in Bows
  4698 | D:4      | Reached XP level 8. HP: 53/60 MP: 10/10
  5122 | D:4      | Reached skill level 10 in Bows
  5534 | D:4      | Reached skill level 2 in Fighting
  5877 | D:4      | Reached skill level 1 in Armour
  5985 | D:3      | Killed Jessica
  6270 | D:3      | Found a sparkling altar of Nemelex Xobeh.
  6271 | D:3      | Noticed Grinder
  6497 | D:6      | Found a burning altar of Makhleb.
  6644 | D:6      | Killed Prince Ribbit
  6644 | D:6      | Reached skill level 3 in Fighting
  6644 | D:6      | Reached skill level 2 in Armour
  6690 | D:6      | Found a staircase to the Ecumenical Temple.
  7168 | D:5      | Reached skill level 3 in Armour
  8245 | D:7      | Reached skill level 4 in Fighting
  8418 | D:7      | HP: 16/66 [orc warrior/+1 vorpal flail (8)]
  8576 | D:7      | Reached XP level 9. HP: 35/71 MP: 11/11
  8904 | D:7      | Found a snail-covered altar of Cheibriados.
  8963 | D:8      | Identified the +8 falchion of Destiny {vorpal, *Drain +Rage
                  | rPois rC+} (You found it on level 5 of the Dungeon)
  8986 | D:8      | Found Yqicith's Gadget Boutique.
  9135 | D:8      | Bought a wand of paralysis (10) for 156 gold pieces
  9135 | D:8      | Bought a wand of iceblast (7) for 143 gold pieces
  9158 | D:8      | Found Otiom's Distillery.
  9467 | D:8      | Reached skill level 1 in Evocations
  9496 | D:8      | Found a flagged portal.
  9509 | Bailey   | Entered a bailey
  9771 | Bailey   | Reached skill level 4 in Armour
 10232 | Bailey   | Found an iron altar of Okawaru.
 10379 | D:8      | Reached skill level 2 in Evocations
 10482 | D:8      | Reached skill level 5 in Fighting
 10516 | D:8      | Found a stormy altar of Qazlal.
 10516 | D:8      | Found a shattered altar of Ashenzari.
 10516 | D:8      | Found a white marble altar of Elyvilon.
 10600 | D:8      | Reached skill level 11 in Bows
 10611 | D:8      | Found Tif Hyodgh's Assorted Antiques.
 10618 | D:8      | Bought a scroll of identify for 44 gold pieces
 10618 | D:8      | Bought a white potion for 19 gold pieces
 10618 | D:8      | Bought a scroll of identify for 44 gold pieces
 10618 | D:8      | Bought a scroll of identify for 44 gold pieces
 10618 | D:8      | Bought a pair of crude boots for 209 gold pieces
 10623 | D:8      | Identified the +4 pair of boots of Disappointment {Str+2}
                  | (You bought it in a shop on level 8 of the Dungeon)
 10698 | D:8      | Noticed Maggie
 10899 | D:9      | Noticed a two-headed ogre
 11073 | D:9      | Noticed Grum
 11274 | D:9      | Killed Grum
 11459 | D:9      | Reached skill level 3 in Evocations
 11484 | D:9      | Reached skill level 5 in Armour
 11627 | D:9      | Noticed Gastronok
 11954 | D:9      | Killed Gastronok
 11954 | D:9      | Reached skill level 6 in Fighting
 11954 | D:9      | Reached skill level 4 in Evocations
 11954 | D:9      | Reached XP level 10. HP: 83/83 MP: 13/13
 11964 | D:9      | Reached skill level 6 in Armour
 12068 | D:9      | Noticed Maurice
 12515 | D:9      | Reached skill level 5 in Evocations
 12582 | D:9      | Found a staircase to the Lair.
 12756 | D:9      | Killed Maurice
 12914 | D:9      | Killed a two-headed ogre
 12914 | D:9      | Reached skill level 7 in Fighting
 13198 | D:10     | Entered Level 10 of the Dungeon
 13198 | D:10     | Found a staircase to the Orcish Mines.
 13354 | D:10     | Reached skill level 12 in Bows
 13646 | D:10     | Reached XP level 11. HP: 92/92 MP: 14/14
 13744 | D:10     | Noticed Josephine
 13828 | D:9      | Reached skill level 6 in Evocations
 14082 | D:11     | Noticed a two-headed ogre
 14095 | D:11     | Killed a two-headed ogre
 14724 | D:10     | Reached skill level 8 in Fighting
 15195 | D:10     | Killed Josephine
 17360 | D:12     | Reached skill level 9 in Fighting
 17804 | D:12     | Found a frozen archway.
 17814 | IceCv    | Entered an ice cave
 17863 | IceCv    | Reached skill level 13 in Bows
 17864 | IceCv    | HP: 53/217 [wolf (5)]
 17869 | IceCv    | HP: 29/217 [wolf (1)]
 19156 | D:12     | HP: 24/97 [acid (8)]
 19556 | D:12     | Killed an unseen horror
 20430 | Lair:1   | Entered Level 1 of the Lair of Beasts
 21041 | D:9      | Reached skill level 10 in Fighting
 21203 | Lair:1   | Reached XP level 12. HP: 95/106 MP: 15/15
 22090 | Lair:1   | Noticed a six-headed hydra
 22269 | D:8      | Bought a tin of tremorstones (3/3) for 520 gold pieces
 22412 | Lair:1   | Killed a six-headed hydra
 22412 | Lair:1   | Reached skill level 14 in Bows
 23111 | Lair:2   | Noticed a six-headed hydra
 23289 | Lair:2   | Reached skill level 2 in Dodging
 23748 | Lair:2   | Killed a six-headed hydra
 23748 | Lair:2   | Reached skill level 3 in Dodging
 24280 | Lair:2   | You fall into a shaft and drop 2 floors!
 24570 | Lair:4   | Identified 2 scrolls of acquirement
 24592 | Lair:3   | Noticed Snorg
 25445 | Lair:3   | Reached skill level 7 in Evocations
 25460 | Lair:3   | Reached skill level 7 in Armour
 25622 | Lair:2   | Found a hole to the Spider Nest.
 28063 | Lair:4   | Reached skill level 11 in Fighting
 28222 | Lair:4   | Found a staircase to the Swamp.
 28461 | Lair:4   | Reached XP level 13. HP: 89/116 MP: 16/16
 28831 | Lair:4   | Reached skill level 8 in Armour
 30211 | Lair:5   | Reached skill level 15 in Bows
 31106 | Lair:5   | Noticed Seod's ghost (journeyman FoAK)
 31121 | Lair:5   | Found a runed translucent gate.
 32232 | Lair:5   | Found a runed translucent gate.
 32233 | Lair:5   | Found a runed translucent gate.
 32483 | Lair:6   | Entered Level 6 of the Lair of Beasts
 32884 | Lair:6   | Reached skill level 16 in Bows
 33814 | Lair:6   | Found a staircase to the Slime Pits.
 34289 | Lair:6   | Reached skill level 17 in Bows
 34597 | Lair:3   | Reached XP level 14. HP: 124/124 MP: 17/17
 34705 | Lair:3   | Killed Snorg
 35418 | D:8      | Killed Maggie
 35568 | D:3      | Killed Grinder
 35733 | Orc:1    | Entered Level 1 of the Orcish Mines
 35733 | Orc:1    | Found a roughly hewn altar of Beogh.
 36598 | Orc:2    | Entered Level 2 of the Orcish Mines
 36979 | Orc:1    | Found Sovam's Book Shoppe.
 37315 | Orc:2    | Found a bloodstained altar of Trog.
 37325 | Orc:2    | Noticed Rupert
 37361 | Orc:2    | Killed Rupert
 37361 | Orc:2    | Reached skill level 18 in Bows
 37550 | Orc:2    | Found a staircase to the Elven Halls.
 37921 | Orc:2    | Found Ceitog's Armour Shop.
 37921 | Orc:2    | Found Hitomuh's Food Boutique.
 37923 | Orc:2    | Found Empomm's Antique Weapon Boutique.
 37954 | Orc:2    | Found Rynostreu's Armour Shop.
 38261 | Orc:2    | Found a runed translucent gate.
 38263 | Orc:2    | Found a runed translucent gate.
 38263 | Orc:2    | Found an opulent altar of Gozag.
 38281 | Orc:2    | Found a runed translucent gate.
 38440 | Orc:2    | Noticed Flugslaktarn's ghost (journeyman VSVM)
 38443 | Orc:2    | Found Iqun's Assorted Antiques.
 38444 | Orc:2    | Found Raara's Assorted Antiques.
 38880 | D:13     | Found a gate leading to a gauntlet.
 38888 | Gauntlet | Entered a Gauntlet
 38888 | Gauntlet | Found a runed translucent door.
 38888 | Gauntlet | Found a transporter.
 38888 | Gauntlet | Found a transporter.
 38888 | Gauntlet | Found a transporter.
 38888 | Gauntlet | Found a runed translucent door.
 38909 | Gauntlet | Found a transporter.
 38920 | Gauntlet | Found a transporter.
 38922 | Gauntlet | Found a transporter.
 38941 | Gauntlet | Found a transporter.
 38955 | Gauntlet | Found a transporter.
 38959 | Gauntlet | Found a runed translucent door.
 38973 | Gauntlet | Found a transporter.
 38973 | Gauntlet | Found a transporter.
 38981 | Gauntlet | Found a transporter.
 38984 | Gauntlet | Found a transporter.
 39487 | D:13     | Reached skill level 19 in Bows
 39644 | D:13     | Found a gate to the Vaults.
 40886 | D:15     | Entered Level 15 of the Dungeon
 40948 | D:15     | Reached skill level 20 in Bows
 40956 | D:15     | Reached skill level 1 in Spellcasting
 40970 | D:15     | Reached XP level 15. HP: 129/129 MP: 18/21
 41061 | D:15     | Reached skill level 2 in Spellcasting
 41131 | D:15     | Reached skill level 3 in Spellcasting
 41147 | D:15     | Reached skill level 4 in Spellcasting
 41170 | D:15     | Reached skill level 5 in Spellcasting
 41881 | D:15     | Found a staircase to the Depths.
 41893 | D:15     | Reached skill level 6 in Spellcasting
 42807 | Orc:1    | Bought a book of Beasts for 770 gold pieces
 42809 | Orc:1    | Learned a level 1 spell: Apportation
 42811 | Orc:1    | Learned a level 1 spell: Summon Butterflies
 42814 | Orc:1    | Learned a level 2 spell: Passwall
 42820 | Orc:1    | Learned a level 5 spell: Summon Mana Viper
 42991 | Swamp:1  | Entered Level 1 of the Swamp
 43100 | Swamp:1  | Identified the +4 quarterstaff "Embalmer" {distort, Str-3
                  | Int+6}
 43139 | Swamp:1  | Found a transporter.
 43159 | Swamp:1  | Noticed Scuka's ghost (adept KoBe)
 43172 | Swamp:1  | Reached skill level 1 in Hexes
 43172 | Swamp:1  | Reached skill level 1 in Summonings
 43430 | Swamp:1  | Found a transporter.
 43856 | Swamp:2  | Reached skill level 2 in Summonings
 43904 | Swamp:2  | Reached skill level 2 in Hexes
 44130 | Swamp:2  | Reached skill level 7 in Spellcasting
 44304 | Swamp:2  | Reached skill level 3 in Hexes
 44304 | Swamp:2  | Reached skill level 3 in Summonings
 45439 | Swamp:3  | Got a steaming falchion
 45566 | Swamp:3  | Noticed Nikola
 45575 | Swamp:3  | Killed Nikola
 45733 | Swamp:3  | Reached skill level 4 in Hexes
 45749 | Swamp:3  | Reached skill level 4 in Summonings
 46115 | Swamp:3  | Found a radiant altar of Vehumet.
 46348 | Swamp:4  | Entered Level 4 of the Swamp
 46422 | Swamp:4  | Reached skill level 5 in Hexes
 46422 | Swamp:4  | Reached skill level 5 in Summonings
 46462 | Swamp:4  | Reached skill level 8 in Spellcasting
 46467 | Swamp:4  | Reached XP level 16. HP: 137/137 MP: 32/32
 46681 | Swamp:4  | Reached skill level 6 in Hexes
 46681 | Swamp:4  | Reached skill level 6 in Summonings
 47069 | Swamp:4  | Got a decaying rune of Zot
 47689 | Vaults:1 | Entered Level 1 of the Vaults
 47695 | D:13     | Reached skill level 7 in Hexes
 47752 | D:13     | Reached skill level 7 in Summonings
 48716 | Vaults:1 | Reached skill level 8 in Hexes
 48719 | Vaults:1 | Reached skill level 8 in Summonings
 49517 | Vaults:1 | Reached skill level 9 in Hexes
 49527 | Vaults:1 | Reached skill level 9 in Summonings
 50203 | Vaults:1 | Reached XP level 17. HP: 144/144 MP: 33/33
 50512 | Vaults:1 | Reached skill level 10 in Hexes
 50513 | Vaults:1 | Reached skill level 10 in Summonings
 50592 | Vaults:1 | Found Mocext's Gadget Emporium.
 50607 | Vaults:1 | Bought a wand of paralysis (3) for 70 gold pieces
 50607 | Vaults:1 | Bought a wand of clouds (6) for 420 gold pieces
 51407 | Vaults:2 | Found Baun's Armour Shoppe.
 52233 | Vaults:2 | Reached skill level 11 in Hexes
 52233 | Vaults:2 | Reached skill level 11 in Summonings
 52649 | Orc:2    | Bought a +4 ring mail of magic resistance for 341 gold
                  | pieces
 52731 | Elf:1    | Entered Level 1 of the Elven Halls
 52802 | Elf:1    | Noticed Aizul
 52808 | Elf:1    | Reached skill level 1 in Transmutations
 52808 | Elf:1    | Reached skill level 1 in Earth Magic
 52815 | Elf:1    | Killed Aizul
 52948 | Elf:1    | Noticed a deep elf sorcerer
 52956 | Elf:1    | Killed a deep elf sorcerer
 52956 | Elf:1    | Reached skill level 2 in Transmutations
 52956 | Elf:1    | Reached skill level 2 in Earth Magic
 53193 | Elf:1    | Found Ibeiwiecs's Food Shop.
 53193 | Elf:1    | Found Taiqueth's Assorted Antiques.
 53194 | Elf:1    | Found Ydavas's Antique Weapon Boutique.
 53198 | Elf:1    | Found Dypuxof's Food Shop.
 53207 | Elf:1    | Bought a scroll of teleportation for 63 gold pieces
 53207 | Elf:1    | Bought a potion of haste for 210 gold pieces
 53207 | Elf:1    | Bought a potion of curing for 63 gold pieces
 53207 | Elf:1    | Bought a potion of curing for 63 gold pieces
 53207 | Elf:1    | Bought a potion of curing for 63 gold pieces
 53339 | Elf:1    | Found a shimmering blue altar of Sif Muna.
 53361 | Elf:1    | Reached skill level 3 in Transmutations
 53361 | Elf:1    | Reached skill level 3 in Earth Magic
 53439 | Elf:1    | Got hittemvvvvhard's Incunabulum of Sinister Magic
 54088 | Elf:1    | Reached skill level 4 in Dodging
 54468 | Elf:1    | Identified Wulud's Papyrus of Evil Magic
 54943 | Elf:2    | Reached skill level 8 in Evocations
 55136 | Elf:2    | Noticed a deep elf demonologist
 55137 | Elf:2    | Noticed a Brimstone Fiend
 55417 | Elf:2    | Killed a deep elf demonologist
 55417 | Elf:2    | Reached skill level 9 in Armour
 55417 | Elf:2    | Reached skill level 5 in Dodging
 55488 | Elf:2    | Found a portal to a secret trove of treasure.
 55492 | Elf:2    | Noticed a deep elf demonologist
 55515 | Elf:2    | Killed a deep elf demonologist
 55515 | Elf:2    | Reached XP level 18. HP: 152/152 MP: 35/35
 55608 | Elf:2    | Found a runed translucent gate.
 55608 | Elf:2    | Found a runed translucent gate.
 55608 | Elf:2    | Found a runed translucent gate.
 55978 | Vaults:2 | Found Ivaiju's Antique Armour Emporium.
 56036 | Vaults:2 | Got the ring of Qecioho {*Drain rN++ Slay+4}
 56408 | Vaults:2 | Found Esodoek's General Store.
 56414 | Vaults:2 | Bought a potion of haste for 200 gold pieces
 56744 | Vaults:2 | Reached skill level 12 in Fighting
 56744 | Vaults:2 | Reached skill level 6 in Dodging
 57120 | Vaults:2 | Noticed a lich
 57126 | Vaults:2 | Killed a lich
 57182 | Vaults:2 | Reached skill level 10 in Armour
 57558 | Vaults:2 | Reached skill level 7 in Dodging
 57973 | Vaults:2 | Found Xiuqoomp's Book Shop.
 57977 | Vaults:2 | Bought a manual of Dodging for 1435 gold pieces
 58849 | Vaults:3 | Reached skill level 8 in Dodging
 59292 | Vaults:3 | Reached skill level 9 in Dodging
 59776 | Vaults:3 | Found a staircase to the Crypt.
 59791 | Vaults:3 | Reached skill level 10 in Dodging
 59808 | Vaults:3 | HP: 36/154 [frost giant/bolt of cold (11)]
 60316 | Vaults:3 | Reached skill level 11 in Armour
 60494 | Vaults:3 | Noticed a deep elf sorcerer
 60502 | Vaults:3 | Killed a deep elf sorcerer
 60990 | Vaults:3 | Reached skill level 11 in Dodging
 61455 | Vaults:4 | p0werm0de: damn with this zoom i cannot spec ya
 61455 | Vaults:4 | Reached XP level 19. HP: 160/160 MP: 36/36
 61478 | Vaults:4 | p0werm0de: pixel heaven
 61681 | Vaults:4 | Reached skill level 12 in Dodging
 61719 | Vaults:4 | Noticed a lich
 61759 | Vaults:4 | Killed a lich
 62551 | Vaults:4 | Reached skill level 13 in Dodging
 62832 | Vaults:4 | Identified the cursed +1 dagger "Death Rattle" {vorpal,
                  | Str-2 Int+10} (You found it on level 4 of the Vaults)
 62884 | Vaults:4 | Reached skill level 21 in Bows
 62924 | Vaults:4 | Found a gateway to a bazaar.
 63531 | Spider:1 | Entered Level 1 of the Spider Nest
 63551 | Spider:1 | Noticed Azrael
 63574 | Spider:1 | Killed Azrael
 63680 | Spider:1 | Noticed Roxanne
 63680 | Spider:1 | Noticed an entropy weaver
 63690 | Spider:1 | Killed an entropy weaver
 63847 | Spider:1 | Noticed Jorgrun
 63856 | Spider:1 | Killed Jorgrun
 64015 | Spider:1 | Noticed an entropy weaver
 64025 | Spider:1 | Killed an entropy weaver
 64125 | Spider:1 | Reached skill level 12 in Armour
 64454 | Spider:1 | Killed Roxanne
 64562 | Spider:2 | Reached skill level 14 in Dodging
 64616 | Spider:2 | Noticed an entropy weaver
 64620 | Spider:2 | Killed an entropy weaver
 65459 | Spider:3 | Noticed Arachne
 65473 | Spider:3 | Killed Arachne
 65519 | Spider:3 | Noticed Kirke
 65534 | Spider:3 | Killed Kirke
 66080 | Spider:3 | Found a runed translucent gate.
 66080 | Spider:3 | Found a runed translucent gate.
 66081 | Spider:3 | Found a runed translucent gate.
 66090 | Spider:3 | Noticed Poloicuy's ghost (journeyman DsNe)
 66549 | Spider:4 | Entered Level 4 of the Spider Nest
 67255 | Spider:4 | Reached skill level 15 in Dodging
 67700 | Spider:4 | Reached XP level 20. HP: 168/168 MP: 37/37
 67707 | Spider:4 | Got a gossamer rune of Zot
 68302 | Elf:3    | Entered Level 3 of the Elven Halls
 68439 | Elf:3    | Noticed a deep elf demonologist
 68458 | Elf:3    | Reached skill level 1 in Translocations
 68505 | Elf:3    | Killed a deep elf demonologist
 68649 | Elf:3    | Noticed Louise
 68668 | Elf:3    | Killed Louise
 68672 | Elf:3    | Learned a level 2 spell: Blink
 68679 | Elf:3    | Learned a level 6 spell: Shadow Creatures
 68818 | Elf:3    | Reached skill level 2 in Translocations
 68879 | Elf:3    | Found Naeh Qur's Jewellery Boutique.
 69092 | Elf:3    | Noticed a deep elf sorcerer
 69095 | Elf:3    | Killed a deep elf sorcerer
 69275 | Elf:3    | Noticed a deep elf demonologist
 69281 | Elf:3    | Killed a deep elf demonologist
 69451 | Elf:3    | Noticed a deep elf sorcerer
 69453 | Elf:3    | Killed a deep elf sorcerer
 69478 | Elf:3    | Noticed a deep elf sorcerer
 69481 | Elf:3    | Killed a deep elf sorcerer
 69507 | Elf:3    | Noticed a deep elf sorcerer
 69509 | Elf:3    | Killed a deep elf sorcerer
 69534 | Elf:3    | Noticed a deep elf demonologist
 69537 | Elf:3    | Noticed an Ice Fiend
 69804 | Elf:3    | Noticed a deep elf sorcerer
 69806 | Elf:3    | Killed a deep elf sorcerer
 69858 | Elf:3    | Noticed a deep elf sorcerer
 70245 | Elf:3    | Killed a deep elf sorcerer
 70341 | Elf:3    | Noticed a Tzitzimitl
 70341 | Elf:3    | Killed a deep elf demonologist
 70496 | Elf:3    | Identified the cursed ring of Xom's Amusement {AC-4 Str+4
                  | Int+4 Dex+6}
 70496 | Elf:3    | Noticed a deep elf sorcerer
 70503 | Elf:3    | Killed a deep elf sorcerer
 70580 | Elf:3    | Found the ring of Phasing {EV+8}
 70584 | Elf:3    | Identified Lor Epirch's Papyrus of Ghastly Flight
 70592 | Elf:3    | Got a slimy tin amulet
 70593 | Elf:3    | Identified the amulet "Lijacum" {Reflect rPois SH+5} (You
                  | found it on level 3 of the Elven Halls)
 70609 | Elf:3    | Identified the +7 rapier of Discord {vamp, Int+3}
 71113 | Crypt:1  | Entered Level 1 of the Crypt
 71861 | Crypt:1  | Reached skill level 9 in Evocations
 73688 | Crypt:3  | Entered Level 3 of the Crypt
 73689 | Crypt:3  | Found a transporter.
 73690 | Crypt:3  | Noticed a lich
 73869 | Crypt:3  | Identified the cursed +1 battleaxe "Raugga Losu" {distort,
                  | *Noise rC+ rN+ MP+9}
 73911 | Crypt:3  | Noticed a curse skull
 73920 | Crypt:3  | Noticed Saint Roka
 73924 | Crypt:3  | Killed a curse skull
 73940 | Crypt:3  | Reached skill level 12 in Summonings
 73948 | Crypt:3  | Killed Saint Roka
 73948 | Crypt:3  | Reached skill level 13 in Armour
 73953 | Crypt:3  | Reached XP level 21. HP: 132/177 MP: 30/38
 73958 | Crypt:3  | Reached skill level 16 in Dodging
 74113 | Crypt:3  | Noticed Xtahua
 74139 | Crypt:3  | Reached skill level 13 in Fighting
 74288 | Crypt:3  | Killed Xtahua
 74522 | Crypt:3  | Noticed a lich
 74529 | Crypt:3  | Killed a lich
 74543 | Crypt:3  | Reached skill level 10 in Evocations
 74568 | Crypt:3  | Noticed a lich
 74589 | Crypt:3  | Killed a lich
 74697 | Crypt:3  | Noticed Perovvi's ghost (adept GrFi)
 74716 | Crypt:3  | Found a transporter.
 75241 | Crypt:3  | Identified the cursed +1 chain mail of Fyq Cis {rC- Str+6
                  | Int-4} (You found it on level 3 of the Crypt)
 75279 | Crypt:3  | Identified the +2 buckler of Wapry {rF+ rN++ Str-5}
 75371 | Crypt:3  | Found a basalt altar of Yredelemnul.
 75562 | Crypt:3  | Found an ancient bone altar of Kikubaaqudgha.
 75579 | Crypt:3  | Got a translucent plate armour
 75580 | Crypt:3  | Identified the cursed +0 plate armour of the Lion {rN+}
                  | (You found it on level 3 of the Crypt)
 75583 | Crypt:3  | Got a faintly glowing whip
 75641 | Crypt:3  | Identified the Handbook of Entrancing Stones
 75649 | Crypt:3  | Learned a level 5 spell: Aura of Abjuration
 75652 | Crypt:3  | Learned a level 2 spell: Swiftness
 75794 | Crypt:3  | Found a staircase to the Tomb.
 76202 | Depths:1 | Entered Level 1 of the Depths
 76316 | Depths:1 | Noticed a deep elf sorcerer
 76322 | Depths:1 | Found a transporter.
 76366 | Depths:1 | Reached skill level 1 in Charms
 76373 | Depths:1 | Reached skill level 1 in Air Magic
 76483 | Depths:1 | You fall into a shaft and drop 1 floor!
 76679 | Depths:2 | Noticed a golden dragon
 76709 | Depths:2 | Killed a golden dragon
 76724 | Depths:2 | Reached skill level 2 in Charms
 76724 | Depths:2 | Reached skill level 2 in Air Magic
 77026 | Depths:2 | Got a steaming battleaxe
 77028 | Depths:2 | Identified Masyes's Volume of Cloudy Enchantment
 77230 | Depths:2 | Found a runed translucent door.
 77257 | Depths:2 | Noticed Sojobo
 77289 | Depths:2 | Killed Sojobo
 77894 | Depths:2 | Found a gateway to Hell.
 78012 | Depths:2 | Reached skill level 11 in Evocations
 78015 | Depths:2 | Reached XP level 22. HP: 161/188 MP: 34/40
 78114 | Depths:2 | Noticed Mara
 78124 | Depths:2 | Killed Mara
 78124 | Depths:2 | Reached skill level 13 in Summonings
 78210 | Depths:2 | Found a gateway to a ziggurat.
 78409 | Depths:2 | Noticed Asterion
 78419 | Depths:2 | Killed Asterion
 78461 | Depths:2 | Reached skill level 9 in Spellcasting
 78604 | Depths:2 | Reached skill level 14 in Armour
 78879 | Depths:2 | Reached skill level 14 in Fighting
 79407 | Depths:1 | Found a one-way gate leading to the halls of Pandemonium.
 79685 | Depths:1 | Found a one-way gate to the infinite horrors of the Abyss.
 80104 | Depths:1 | Found a transporter.
 80191 | Depths:1 | Found Ezxir's Island Escapes.
 80314 | Depths:1 | Bought a scroll of blinking for 120 gold pieces
 80584 | Bazaar   | Entered a bazaar
 80588 | Bazaar   | Found Ciri's Jewellery Boutique.
 80607 | Bazaar   | Found Dauniot's General Store.
 80624 | Bazaar   | Found Riqenih's Book Boutique.
 80642 | Bazaar   | Found Jeaw's Distillery.
 80664 | Bazaar   | Bought 2 potions of mutation for 176 gold pieces
 80664 | Bazaar   | Bought a potion of magic for 88 gold pieces
 80664 | Bazaar   | Bought a potion of heal wounds for 55 gold pieces
 80664 | Bazaar   | Bought a potion of resistance for 110 gold pieces
 80664 | Bazaar   | Bought a potion of heal wounds for 55 gold pieces
 80664 | Bazaar   | Bought a potion of haste for 110 gold pieces
 80664 | Bazaar   | Bought a potion of curing for 33 gold pieces
 80694 | Bazaar   | Bought a wand of paralysis (8) for 110 gold pieces
 80694 | Bazaar   | Bought a potion of heal wounds for 55 gold pieces
 80694 | Bazaar   | Bought a phantom mirror for 330 gold pieces
 80694 | Bazaar   | Bought a wand of digging (8) for 264 gold pieces
 80694 | Bazaar   | Bought a scroll of enchant armour for 82 gold pieces
 81144 | Depths:3 | Found a flickering gateway to a bazaar.
 81158 | Bazaar   | Entered a bazaar
 81158 | Bazaar   | Found Canal's Gadget Shoppe.
 81158 | Bazaar   | Found Siavi's Magic Scroll Boutique.
 81158 | Bazaar   | Found Zown's Magic Scroll Shoppe.
 81158 | Bazaar   | Found Osku Qua's Food Shop.
 81160 | Bazaar   | Found Socvounua's Distillery.
 81160 | Bazaar   | Found Jippiv's Armour Shop.
 81179 | Bazaar   | Bought a scroll of enchant armour for 105 gold pieces
 81179 | Bazaar   | Bought a scroll of teleportation for 42 gold pieces
 81179 | Bazaar   | Bought a scroll of enchant weapon for 105 gold pieces
 81185 | Bazaar   | Bought the +0 helmet of the Equinox {Slay+6} for 440 gold
                  | pieces
 81190 | Bazaar   | Bought a potion of heal wounds for 50 gold pieces
 81190 | Bazaar   | Bought a potion of cancellation for 80 gold pieces
 81190 | Bazaar   | Bought a potion of mutation for 80 gold pieces
 81190 | Bazaar   | Bought a potion of curing for 30 gold pieces
 81190 | Bazaar   | Bought a potion of curing for 30 gold pieces
 81190 | Bazaar   | Bought a potion of haste for 100 gold pieces
 81193 | Bazaar   | Bought a scroll of enchant armour for 82 gold pieces
 81193 | Bazaar   | Bought a scroll of fear for 38 gold pieces
 81193 | Bazaar   | Bought a scroll of summoning for 104 gold pieces
 81196 | Bazaar   | Bought a wand of enslavement (5) for 42 gold pieces
 81196 | Bazaar   | Bought a wand of paralysis (9) for 66 gold pieces
 81196 | Bazaar   | Bought a box of beasts for 120 gold pieces
 81196 | Bazaar   | Bought a wand of iceblast (5) for 54 gold pieces
 81196 | Bazaar   | Bought a wand of acid (5) for 108 gold pieces
 81196 | Bazaar   | Bought a wand of enslavement (8) for 60 gold pieces
 81196 | Bazaar   | Bought a wand of iceblast (13) for 102 gold pieces
 81306 | Depths:3 | Noticed Mennas
 81317 | Depths:3 | Noticed a juggernaut
 81652 | Depths:3 | Killed a juggernaut
 81937 | Depths:3 | Identified the +11 arbalest of Conflict {venom, rN+ Stlth+}
 82000 | Depths:3 | Reached skill level 10 in Spellcasting
 83349 | Spider:3 | Killed Poloicuy's ghost
 84049 | Spider:3 | Identified the +1 helmet "Apuog" {MR+} (You found it on
                  | level 3 of the Spider Nest)
 85054 | Depths:3 | Identified the amulet of Plog {rPois MR- Regen+ Str+4
                  | Dex+9}
 85064 | Depths:3 | Killed Mennas
 85167 | Depths:3 | Reached skill level 15 in Fighting
 85510 | Depths:3 | Identified the +8 chain mail "Gaotad" {Int+3} (You found it
                  | on level 3 of the Depths)
 85512 | Depths:3 | Identified the amulet "Halaupn" {Inacc *Drain MR+ Str+3
                  | Stlth+} (You found it on level 3 of the Depths)
 85514 | Depths:3 | Identified the Compendium of Shifting Cold
 85768 | Depths:3 | Reached skill level 15 in Armour
 86036 | Depths:3 | Found a shadowy altar of Dithmenos.
 86345 | Depths:3 | Reached XP level 23. HP: 201/201 MP: 42/42
 86855 | Depths:4 | Reached skill level 16 in Fighting
 87207 | Depths:4 | Reached skill level 16 in Armour
 87349 | Depths:4 | Reached skill level 14 in Summonings
 87416 | Depths:4 | Found Xatakutt's Specialty Armours.
 87631 | Depths:4 | Reached skill level 1 in Throwing
 87752 | Depths:4 | Reached skill level 2 in Throwing
 88051 | Depths:5 | Entered Level 5 of the Depths
 88058 | Depths:5 | Gained mutation: Armour fits poorly on your strangely
                  | shaped body. [a neqoxec]
 88211 | Depths:4 | Lost mutation: Armour fits poorly on your strangely shaped
                  | body. [potion of mutation]
 88211 | Depths:4 | Gained mutation: Your muscles are strong. (Str +2) [potion
                  | of mutation]
 88211 | Depths:4 | Gained mutation: You are clumsy. (Dex -2) [potion of
                  | mutation]
 88211 | Depths:4 | Gained mutation: You expend magic power (3 MP) to
                  | strengthen your wands. [potion of mutation]
 88432 | Depths:5 | Reached skill level 3 in Throwing
 88534 | Depths:5 | Noticed Boris
 88547 | Depths:5 | Killed Boris
 88556 | Depths:5 | Reached skill level 4 in Throwing
 88704 | Depths:5 | Noticed Jory
 88713 | Depths:5 | Killed Jory
 88713 | Depths:5 | Reached skill level 15 in Summonings
 88729 | Depths:5 | Found Wuxt's Gadget Emporium.
 88729 | Depths:5 | Found Cicsecah's Jewellery Shop.
 88730 | Depths:5 | Found Aqez's Gadget Emporium.
 88736 | Depths:5 | Bought a wand of digging (6) for 360 gold pieces
 88736 | Depths:5 | Bought a wand of acid (8) for 432 gold pieces
 88838 | Depths:5 | Bought the ring "Syrgho" {rElec rF+ rN+ EV+4 Int+2} for
                  | 1504 gold pieces
 88901 | Depths:5 | Found a runed translucent door.
 88902 | Depths:5 | Noticed Taek's ghost (veteran DsWn)
 89173 | Depths:5 | Reached skill level 5 in Throwing
 89508 | Depths:5 | Found a gate to the Realm of Zot.
 90139 | Vaults:5 | Entered Level 5 of the Vaults
 90250 | Vaults:5 | Reached skill level 6 in Throwing
 90273 | Vaults:5 | Noticed a deep elf demonologist
 90275 | Vaults:5 | Killed a deep elf demonologist
 90286 | Vaults:5 | Paralysed by a sphinx for 2 turns
 90305 | Vaults:5 | Identified the ring "Tuptadec" {MR+ Str+3 Slay+2}
 90352 | Vaults:5 | Reached skill level 12 in Evocations
 90449 | Vaults:5 | Reached XP level 24. HP: 210/210 MP: 42/42
 90529 | Vaults:5 | Reached skill level 16 in Summonings
 90652 | Vaults:5 | Identified the +8 great sword "Jabbef" {speed, *Noise +Inv
                  | rC++ Str+2}
 90659 | Vaults:5 | Noticed a deep elf demonologist
 90662 | Vaults:5 | Killed a deep elf demonologist
 90705 | Vaults:5 | Identified Cengasuuppy's Disquisition on Mutagenic
                  | Necromancy
 90761 | Vaults:5 | Identified the +9 spear "Kocatt" {pain, Fragile +Blink rC+
                  | Dex+8}
 90817 | Vaults:5 | Noticed a deep elf demonologist
 90821 | Vaults:5 | Killed a deep elf demonologist
 90974 | Vaults:5 | Reached skill level 13 in Evocations
 91321 | Vaults:5 | Noticed a deep elf sorcerer
 91326 | Vaults:5 | Killed a deep elf sorcerer
 91428 | Vaults:5 | Noticed Boris
 91456 | Vaults:5 | Killed Boris
 91953 | Vaults:5 | Reached skill level 17 in Summonings
 92000 | Vaults:5 | Identified Faesmeanto's Catalogue of Dark Secrets and Fire
 92045 | Vaults:5 | Reached skill level 14 in Evocations
 92559 | Vaults:5 | Got a silver rune of Zot
 93232 | D:8      | Bought a wand of digging (6) for 260 gold pieces
 93232 | D:8      | Bought a box of beasts for 260 gold pieces
 93232 | D:8      | Bought a phantom mirror for 390 gold pieces
 93232 | D:8      | Bought a wand of paralysis (6) for 104 gold pieces
 93232 | D:8      | Bought a box of beasts for 260 gold pieces
 93232 | D:8      | Bought a wand of iceblast (8) for 156 gold pieces
 93232 | D:8      | Bought a wand of paralysis (10) for 156 gold pieces
 93567 | Depths:5 | Bought a wand of digging (4) for 288 gold pieces
 93640 | Zot:1    | Entered Level 1 of the Realm of Zot
 95167 | Zot:1    | Reached skill level 15 in Evocations
 95188 | Zot:1    | Reached skill level 18 in Summonings
 95654 | Zot:3    | Reached XP level 25. HP: 194/216 MP: 38/42
 95872 | Zot:5    | Entered Level 5 of the Realm of Zot
 95894 | Zot:5    | Learned a level 3 spell: Portal Projectile
 95899 | Zot:5    | Learned a level 4 spell: Iskenderun's Mystic Blast
 95972 | Zot:5    | Noticed an orb of fire
 95985 | Zot:5    | Gained mutation: Your flesh is cold resistant. (rC+) [an
                  | orb of fire]
 95987 | Zot:5    | Killed an orb of fire
 96081 | Zot:5    | Reached skill level 19 in Summonings
 97412 | Zot:5    | Noticed an orb of fire
 97429 | Zot:5    | Lost mutation: Your muscles are strong. (Str +2) [an orb of
                  | fire]
 97433 | Zot:5    | Killed an orb of fire
 97433 | Zot:5    | Reached skill level 17 in Fighting
 97433 | Zot:5    | Reached skill level 17 in Armour
 97437 | Zot:5    | Noticed an orb of fire
 97446 | Zot:5    | Noticed an orb of fire
 97471 | Zot:5    | Killed an orb of fire
 97480 | Zot:5    | Killed an orb of fire
 97481 | Zot:5    | Noticed an orb of fire
 97486 | Zot:5    | Gained mutation: Your spells are a little easier to cast,
                  | but a little less powerful. [an orb of fire]
 97494 | Zot:5    | Gained mutation: You are frail. (-10% HP) [an orb of fire]
 97498 | Zot:5    | Killed an orb of fire
 97529 | Zot:5    | Noticed an orb of fire
 97546 | Zot:5    | Killed an orb of fire
 97883 | Zot:5    | Noticed an orb of fire
 97892 | Zot:5    | Gained mutation: Potions are less effective at restoring
                  | your health. [an orb of fire]
 97894 | Zot:5    | Killed an orb of fire
 98058 | Zot:5    | Noticed an orb of fire
 98061 | Zot:5    | Gained mutation: You are dopey. (Int -2) [an orb of fire]
 98065 | Zot:5    | Gained mutation: Your body sometimes deteriorates upon
                  | taking damage. [an orb of fire]
 98072 | Zot:5    | Killed an orb of fire
 98175 | Zot:5    | Lost mutation: You expend magic power (3 MP) to strengthen
                  | your wands. [potion of mutation]
 98175 | Zot:5    | Lost mutation: You are clumsy. (Dex -2) [potion of
                  | mutation]
 98175 | Zot:5    | Lost mutation: Your body sometimes deteriorates upon taking
                  | damage. [potion of mutation]
 98175 | Zot:5    | Lost mutation: Your spells are a little easier to cast, but
                  | a little less powerful. [potion of mutation]
 98175 | Zot:5    | Gained mutation: Your body sometimes deteriorates upon
                  | taking damage. [potion of mutation]
 98175 | Zot:5    | Gained mutation: Your flesh is very cold resistant. (rC++)
                  | [potion of mutation]
 98175 | Zot:5    | Gained mutation: You have a pair of small antennae on your
                  | head. [potion of mutation]
 98176 | Zot:5    | Lost mutation: Your body sometimes deteriorates upon taking
                  | damage. [potion of mutation]
 98176 | Zot:5    | Lost mutation: You are frail. (-10% HP) [potion of
                  | mutation]
 98176 | Zot:5    | Lost mutation: You have a pair of small antennae on your
                  | head. [potion of mutation]
 98176 | Zot:5    | Gained mutation: Potions are poor at restoring your health.
                  | [potion of mutation]
 98176 | Zot:5    | Gained mutation: Your movements are slightly less
                  | encumbered by armour. (ER -2) [potion of mutation]
 98536 | Zot:5    | Noticed an ancient lich
 98564 | Zot:5    | Killed an ancient lich
 98564 | Zot:5    | Reached skill level 18 in Fighting
 98564 | Zot:5    | Reached skill level 18 in Armour
 98726 | Zot:5    | Reached XP level 26. HP: 216/232 MP: 39/42
 99110 | Zot:5    | Noticed an ancient lich
 99121 | Zot:5    | Killed an ancient lich
 99364 | Zot:5    | Noticed an orb of fire
 99622 | Zot:5    | Killed an orb of fire
 99963 | Zot:5    | Noticed an orb of fire
 99968 | Zot:5    | Killed an orb of fire
100500 | Zot:5    | Got the Orb of Zot
100847 | Depths:1 | Noticed a Brimstone Fiend
100850 | Depths:1 | Killed a Brimstone Fiend
100977 | D:11     | Reached skill level 19 in Fighting
100977 | D:11     | Reached skill level 19 in Armour
101175 | D:$      | Escaped with the Orb!

Table legend:
 A = Turns spent in this place as a percentage of turns spent in the entire game.
 B = Non-inter-level travel turns spent in this place as a percentage of non-inter-level travel turns spent in the entire game.
 C = Inter-level travel turns spent in this place as a percentage of turns spent in this place.
 D = Turns resting spent in this place as a percentage of non-inter-level travel turns spent in this place.
 E = Turns spent auto-exploring this place as a percentage of non-inter-level travel turns spent in this place.
 F = Non-inter-level travel turns spent in this place divided by the number of levels of this place that you've seen.
                   A       B       C       D       E      F
               +-------+-------+-------+-------+-------+----------------------
         Total | 100.0 | 100.0 |  10.3 |   7.2 |  71.8 | 1591.7
       Dungeon |  27.5 |  26.6 |  13.1 |   9.4 |  69.7 | 1608.5
          Lair |  14.5 |  14.9 |   8.2 |   9.6 |  66.9 | 2249.8
         Swamp |   4.5 |   4.7 |   4.9 |   3.4 |  81.9 | 1073.2
   Spider Nest |   6.7 |   6.8 |   8.5 |   0.4 |  86.2 | 1548.2
  Orcish Mines |   2.8 |   2.5 |  18.8 |   0.9 |  74.3 | 1141.5
   Elven Halls |   5.7 |   5.9 |   7.5 |  10.6 |  68.4 | 1781.7
        Vaults |  14.8 |  14.7 |  10.8 |   5.2 |  73.1 | 2663.2
         Crypt |   4.8 |   5.2 |   4.3 |   0.3 |  77.9 | 1563.3
        Depths |  11.1 |  10.5 |  15.1 |   2.3 |  76.9 | 1899.8
           Zot |   5.9 |   6.2 |   5.4 |  22.5 |  57.8 | 1131.4
        Bazaar |   0.2 |   0.3 |   0.0 |   0.0 |  39.7 | 114.5
        Bailey |   0.8 |   0.9 |   0.0 |   0.0 |  53.1 | 833.0
      Ice Cave |   0.6 |   0.7 |   0.0 |   5.6 |  76.3 | 611.0
      Gauntlet |   0.2 |   0.2 |   0.0 |   0.0 |  89.5 | 153.0
               +-------+-------+-------+-------+-------+----------------------

Table legend:
 A = Kills in this place as a percentage of kills in entire the game.
 B = Kills by you in this place as a percentage of kills by you in the entire game.
 C = Kills by friends in this place as a percentage of kills by friends in the entire game.
 D = Other kills in this place as a percentage of other kills in the entire game.
 E = Experience gained in this place as a percentage of experience gained in the entire game.
 F = Experience gained in this place divided by the number of levels of this place that you have seen.
                   A       B       C       D       E      F
               +-------+-------+-------+-------+-------+----------------------
         Total | 100.0 | 100.0 | 100.0 | 100.0 | 100.0 | 29008.9
       Dungeon |  17.7 |  17.7 |  18.2 |   0.0 |   4.7 | 5225.9
          Lair |   9.1 |   9.1 |   9.1 |   0.0 |   3.4 | 9270.3
         Swamp |   4.9 |   5.0 |   0.0 |   0.0 |   3.7 | 15299.2
   Spider Nest |   8.1 |   8.0 |  22.7 |   0.0 |   5.2 | 21548.0
  Orcish Mines |   5.0 |   5.0 |   4.5 |   0.0 |   1.1 | 9027.0
   Elven Halls |   6.0 |   6.0 |   4.5 |   0.0 |   6.9 | 38154.3
        Vaults |  21.2 |  21.0 |  31.8 |  66.7 |  23.5 | 77771.2
         Crypt |   7.5 |   7.6 |   0.0 |   0.0 |   7.9 | 43429.0
        Depths |  14.2 |  14.3 |   4.5 |   0.0 |  23.3 | 76939.2
           Zot |   5.5 |   5.5 |   4.5 |  33.3 |  20.2 | 66858.2
        Bailey |   0.6 |   0.6 |   0.0 |   0.0 |   0.0 | 430.0
      Ice Cave |   0.2 |   0.3 |   0.0 |   0.0 |   0.1 | 1033.0
               +-------+-------+-------+-------+-------+----------------------

Action                   |  1- 3 |  4- 6 |  7- 9 | 10-12 | 13-15 | 16-18 | 19-21 | 22-24 | 25-27 || total
-------------------------+-------+-------+-------+-------+-------+-------+-------+-------+-------++-------
Melee: Short sword       |    49 |    24 |       |    73 |       |       |       |       |       ||   146
       Dagger            |       |       |    22 |   949 |   244 |       |       |       |       ||  1215
       Longbow           |       |       |       |       |       |     1 |     3 |       |       ||     4
 Fire: Shortbow          |    81 |   124 |   630 |   489 |       |       |       |       |       ||  1324
       Hunting sling     |       |       |       |   172 |       |       |       |       |       ||   172
       Longbow           |       |       |       |    44 |  1226 |  1738 |  1980 |  1811 |   627 ||  7426
Throw: Stone             |    47 |     6 |    26 |    91 |       |       |       |       |       ||   170
       Boomerang         |       |       |    60 |    31 |    33 |       |       |       |       ||   124
       Dart              |       |       |       |   221 |    68 |       |       |       |       ||   289
       Javelin           |       |       |       |    22 |    43 |       |       |       |       ||    65
       Throwing net      |       |       |       |     1 |       |       |       |       |       ||     1
 Cast: Summon Mana Viper |       |       |       |       |       |    15 |    39 |     3 |     7 ||    64
       Shadow Creatures  |       |       |       |       |       |       |       |     3 |       ||     3
       Aura of Abjuratio |       |       |       |       |       |       |       |     5 |     1 ||     6
       Portal Projectile |       |       |       |       |       |       |       |       |     1 ||     1
       Iskenderun's Myst |       |       |       |       |       |       |       |       |     1 ||     1
Evoke: Wand              |       |       |     7 |    25 |     5 |     2 |    16 |     3 |     4 ||    62
       Box of beasts     |       |       |       |     1 |     2 |       |     2 |       |       ||     5
       Tin of tremorston |       |       |       |     3 |     8 |       |     4 |     1 |       ||    16
       Phial of floods   |       |       |       |       |     4 |     3 |     2 |     2 |       ||    11
       Lightning rod     |       |       |       |       |       |       |     7 |       |       ||     7
  Use: Scroll            |     1 |     8 |     9 |    15 |    12 |    14 |    12 |    22 |     5 ||    98
       Potion            |       |       |     1 |     6 |       |     1 |     2 |     2 |    14 ||    26
 Stab: Paralysed         |       |       |       |    35 |       |       |       |       |       ||    35
  Eat: Chunk             |     3 |     4 |    15 |    25 |    32 |    31 |    25 |    18 |     5 ||   158
       Ration            |       |       |     3 |     8 |     7 |     5 |    10 |    11 |     4 ||    48
Armor: Ring mail         |     7 |       |       |       |       |   118 |   126 |    25 |       ||   276
       Plate armour      |    62 |    61 |   246 |  1180 |   524 |   220 |       |       |       ||  2293
       Skin              |       |       |       |   115 |       |       |       |       |       ||   115
       Swamp dragon scal |       |       |       |       |     9 |    62 |    89 |       |       ||   160
       Gold dragon scale |       |       |       |       |       |       |       |   207 |   101 ||   308
Dodge: Dodged            |    33 |    27 |   175 |   688 |   316 |   301 |   544 |   477 |   200 ||  2761
       Repelled          |       |     5 |    99 |    13 |    10 |    61 |    32 |    47 |    10 ||   277
Block: Other             |       |       |    49 |       |       |       |       |       |       ||    49
       Reflection        |       |       |    45 |       |       |       |       |       |       ||    45

Vanquished Creatures
  10 orbs of fire (Zot:5)
  Mara (Depths:2)
  Mennas (Depths:3)
  2 ancient liches (Zot:5)
  A juggernaut (Depths:3)
  Sojobo (Depths:2)
  Boris (twice) (Depths:5 Vaults:5)
  2 Killer Klowns (Zot:5)
  Saint Roka (Crypt:3)
  Xtahua (Crypt:3)
  A profane servitor (Crypt:3)
  8 golden dragons
  Jory (Depths:5)
  Nikola (Swamp:3)
  2 bone dragons
  A Brimstone Fiend (Depths:1)
  Jorgrun (Spider:1)
  2 electric golems (Zot:5)
  4 liches
  Rupert (Orc:2)
  14 tentacled monstrosities
  Asterion (Depths:2)
  5 titans (Vaults:5)
  25 Orb Guardians
  6 quicksilver dragons
  A deep elf blademaster (Elf:3)
  7 ancient champions
  Gastronok (D:9)
  8 death cobs
  11 sphinxes
  Kirke (Spider:3)
  13 storm dragons
  5 draconian monks
  6 tengu reavers
  10 shadow dragons
  Roxanne (Spider:1)
  2 revenants
  11 frost giants
  15 fire giants
  15 vault wardens
  A draconian knight (Depths:5)
  Louise (Elf:3)
  2 ghost moths (Spider:4)
  2 iron dragons
  A curse skull (Crypt:3)
  10 deep elf sorcerers
  A caustic shrike zombie (D:15)
  5 draconian shifters
  Aizul (Elf:1)
  2 juggernaut zombies
  A cacodemon (Depths:1)
  A draconian stormcaller (Zot:1)
  4 emperor scorpions
  15 ironheart preservers
  The ghost of Poloicuy the Tormented, a journeyman DsNe of Kikubaaqudgha (Spider:3)
  5 deep elf elementalists
  A spriggan defender (Depths:3)
  7 ghouls
  2 reapers
  4 draconian annihilators
  A caustic shrike skeleton (D:15)
  20 very ugly things
  A blood saint (D:14)
  8 deep elf demonologists
  4 black draconians
  3 entropy weavers
  16 stone giants
  9 vampire knights
  6 green draconians
  Azrael (Spider:1)
  9 red draconians
  5 yellow draconians
  2 spark wasps (shapeshifter)
  4 deep elf annihilators
  6 purple draconians
  3 white draconians
  13 spark wasps
  5 eidola
  A mummy priest (Crypt:3)
  A blizzard demon (D:14)
  9 deep elf death magi
  An ettin (shapeshifter) (Vaults:5)
  10 fire dragons
  Snorg (Lair:3)
  22 ettins
  3 crystal guardians
  8 deep elf high priests
  Josephine (D:10)
  7 jiangshi
  17 yaktaur captains
  6 great orbs of eyes
  8 rakshasas
  24 hydras
  2 spriggan air magi
  A hell beast (Depths:1)
  11 ice dragons
  A juggernaut simulacrum (Depths:4)
  A ghost crab (Swamp:2)
  2 catoblepae
  11 centaur warriors
  30 vault guards
  5 shambling mangroves
  44 two-headed ogres
  A death knight (Crypt:3)
  19 dancing weapons
  A two-headed ogre (shapeshifter) (Depths:3)
  15 alligators
  A queen ant (Lair:2)
  14 ogre magi
  8 deep troll shamans
  11 deep troll earth magi
  6 vampire magi
  2 death yaks (Lair:4)
  9 tengu warriors
  21 deep elf knights
  3 soul eaters
  A storm dragon zombie (Crypt:3)
  5 orc high priests (Orc:2)
  6 spriggan berserkers
  2 hell knights
  14 skeletal warriors
  5 shadow wraiths
  4 iron trolls (Depths:3)
  2 sixfirhies
  A deep troll (shapeshifter) (Vaults:5)
  6 unseen horrors
  5 glowing orange brains
  10 flayed ghosts
  10 wizards
  3 spriggan druids
  31 deep trolls
  7 necromancers
  10 swamp dragons
  A gelid demonspawn (Depths:5)
  17 deep elf archers
  A shadow demon (Depths:5)
  A harpy (shapeshifter) (Vaults:3)
  4 harpies (Vaults:1)
  An anaconda skeleton (Crypt:1)
  A shadow dragon zombie (Crypt:3)
  12 phantasmal warriors
  18 orc knights
  14 orb spiders
  13 ironbrand convokers
  9 orc sorcerers
  71 ugly things
  3 wolf spider zombies
  A shadow dragon skeleton (Crypt:3)
  5 cyclopes
  65 deep elf magi
  A stone giant zombie (Depths:2)
  29 wolf spiders
  A manticore (shapeshifter) (Vaults:2)
  A manticore (D:15)
  4 orb spiders (shapeshifter)
  22 moths of wrath
  2 fire giant skeletons
  13 elephants
  2 rust devils
  Maurice (D:9)
  A black mamba (shapeshifter) (Vaults:2)
  A guardian serpent (shapeshifter) (Vaults:5)
  2 gargoyles
  A frost giant skeleton (D:15)
  16 vault sentinels
  17 spiny frogs
  2 orange demons
  3 black mambas
  A torpor snail (Spider:2)
  Maggie (D:8)
  8 freezing wraiths
  A spriggan zombie (D:15)
  An alligator snapping turtle skeleton (Crypt:3)
  7 komodo dragons
  3 centaur skeletons
  An iron troll zombie (Crypt:3)
  2 yaktaurs (shapeshifter)
  A green draconian zombie (Crypt:2)
  A hellwing (Depths:3)
  A swamp worm zombie (Crypt:3)
  A komodo dragon (shapeshifter) (Vaults:1)
  56 yaktaurs
  5 demonic crawlers
  An ice devil (Depths:1)
  A white draconian skeleton (Crypt:2)
  2 tormentors
  3 guardian mummies (Crypt:3)
  26 jumping spiders
  An iron troll skeleton (Crypt:3)
  An elf skeleton (Depths:4)
  3 tengu conjurers
  A wind drake (shapeshifter) (Depths:5)
  A red devil (Depths:1)
  6 polar bears
  7 tyrant leeches
  A merfolk (D:10)
  11 trolls
  10 bog bodies
  2 tengu simulacra
  Grinder (D:3)
  Prince Ribbit (D:6)
  20 blink frogs
  33 hornets
  7 hippogriffs
  23 slime creatures
  A snapping turtle (shapeshifter) (Vaults:5)
  8 dream sheep
  2 raiju (shapeshifter)
  A hydra skeleton (Crypt:3)
  62 redbacks
  2 frost giant simulacra (Crypt:3)
  11 spriggans (Lair:6)
  A fire dragon skeleton (Crypt:3)
  16 tarantellas
  A shadow (D:15)
  6 vampires
  7 air elementals
  12 flying skulls
  11 wraiths
  9 wyverns
  A human (shapeshifter) (Depths:3)
  3 ynoxinuls
  5 fire elementals
  A water elemental (Elf:2)
  3 basilisks
  Grum (D:9)
  24 yaks
  A neqoxec (Depths:5)
  3 hogs (Spider:3)
  9 vampire mosquitoes
  A chaos spawn (Depths:3)
  9 swamp worms
  10 wargs
  A naga (shapeshifter) (Vaults:5)
  8 soldier ants (Lair:2)
  8 insubstantial wisps
  10 water moccasins
  A human zombie (Depths:2)
  5 acid dragons
  6 porcupines
  2 hell hounds (Spider:1)
  A floating eye (Depths:3)
  11 swamp drakes
  2 hornet zombies
  55 orc warriors
  A sky beast (shapeshifter) (Depths:3)
  3 phantoms
  3 sky beasts
  7 black bears
  11 necrophages
  5 ice beasts
  2 large abominations (Elf:1)
  An ettin simulacrum (Vaults:1)
  43 ogres
  2 eyes of draining
  32 wolves
  19 boggarts
  19 centaurs
  8 crocodiles
  A hog skeleton (Crypt:3)
  2 big kobolds
  Blork the orc (D:5)
  2 elf zombies
  14 bullfrogs
  2 earth elementals
  A glowing shapeshifter simulacrum (Vaults:3)
  A gnoll sergeant (Orc:1)
  2 wyvern zombies
  A salamander skeleton (Crypt:3)
  A hornet simulacrum (Vaults:1)
  3 scorpions
  A human simulacrum (Vaults:3)
  A snapping turtle simulacrum (Crypt:3)
  A yak zombie (Crypt:2)
  23 wights
  A swamp dragon simulacrum (Crypt:3)
  A warg skeleton (Crypt:3)
  3 electric eels
  2 howler monkeys
  2 crimson imps (Depths:3)
  2 centaur zombies
  3 jellies
  7 hounds
  4 quasits
  3 bullfrog skeletons
  3 iguanas
  An iron imp (Depths:3)
  28 orc priests
  Jessica (D:3)
  Terence (D:3)
  35 orc wizards
  31 worker ants
  A porcupine skeleton (Crypt:1)
  2 killer bee zombies
  An ogre zombie (Crypt:3)
  A bullfrog simulacrum (D:12)
  A felid zombie (Crypt:2)
  A naga skeleton (Crypt:1)
  A deep dwarf skeleton (Crypt:1)
  6 mummies (Crypt:3)
  Robin (D:2)
  A worker ant zombie (D:10)
  5 gnolls
  13 adders
  A shadow imp (Depths:3)
  8 white imps
  8 ufetubi
  2 oozes (D:3)
  A worm zombie (Crypt:3)
  An adder skeleton (D:9)
  A halfling skeleton (Crypt:1)
  A lava snake skeleton (Crypt:1)
  4 worms (Spider:4)
  A leopard gecko (D:1)
  117 orcs
  3 ball pythons
  6 bats
  A bat zombie (D:7)
  8 giant cockroaches
  16 goblins
  8 hobgoblins
  7 jackals
  24 kobolds
  4 quokkas
  A ball python zombie (Crypt:2)
  2 frilled lizards (D:3)
  A gnoll skeleton (Crypt:1)
  A quokka zombie (Crypt:1)
  7 rats
  A rat zombie (D:7)
2394 creatures vanquished.

Vanquished Creatures (collateral kills)
  Arachne (Spider:3)
  A draconian knight (Zot:4)
  A frost giant (Vaults:3)
  2 ghost moths
  A deep elf elementalist (Elf:2)
  A vampire knight (Depths:2)
  An ogre mage (Vaults:3)
  A death knight (Vaults:3)
  2 death yaks (Lair:4)
  A shadow wraith (Vaults:3)
  An ugly thing (Vaults:2)
  A vault sentinel (Vaults:3)
  2 redbacks
  A sky beast (D:12)
  3 wights (D:12)
  An orc wizard (Orc:2)
  An orc (Vaults:4)
22 creatures vanquished.

Vanquished Creatures (others)
  A storm dragon (Vaults:4)
  A fire giant (Vaults:5)
  2 very ugly things (Depths:3)
  A draconian annihilator (Zot:4)
  A yaktaur captain (Depths:3)
  A centaur warrior (Depths:3)
  2 deep elf knights
  A flayed ghost (Depths:3)
  An ugly thing (Depths:3)
  4 yaktaurs (Depths:3)
  A dream sheep (shapeshifter) (Depths:3)
  2 humans (Spider:3)
  A bush (Lair:2)
  26 fungi
  14 plants
  7 toadstools (D:1)
  6 withered plants
72 creatures vanquished.

Grand Total: 2488 creatures vanquished There were no monsters in sight!

Levels and vault maps discovered:
D:1:      nagdon_arrival_zigzag_paths, layout_basic, st_stairs_7,
          nrook_loot_triangle, hex_tiny, minmay_misc_feat_tiny, minivault_27
D:2:      layout_loops_cross, uniq_robin
D:3:      layout_rooms, grunt_temple_overflow_open, old_standard_altar,
          first_ration, supply_closet_lemuel, eino_tiny_chamber, uniq_terence,
          uniq_jessica, uniq_grinder
D:4:      layout_basic, minmay_misc_feat_plants
D:5:      layout_cave_pools, grunt_qazlal_clouds, uniq_blork_the_orc
D:6:      layout_basic, minmay_temple_entry_mist, portal_sewer_entry_e,
          minivault_27, hangedman_abyss_or_decor_stabs, bloody_makhleb,
          uniq_prince_ribbit1
D:7:      layout_rooms, marbit_many_paths, lemuel_zombie_altar_kikubaaqudgha
D:8:      layout_rooms, gammafunk_temple_overflow_claw, enter_bailey_3,
          serial_shops, nicolae_shop_window_shopping, shop,
          nicolae_shop_crystal, uniq_maggie
D:9:      layout_loops_ring, erik_lair_orcish_takeover, uniq_grum, uniq_maurice,
          uniq_gastronok
D:10:     layout_rooms, david_orc_3, hangedman_fish_farm, uniq_josephine
D:11:     layout_irregular_city
D:12:     layout_roguey, serial_ice, serial_ice_i, serial_ice_e, serial_ice_m,
          serial_ice_h, serial_ice_b, serial_ice_d,
          portal_ice_cave_entry_pillars_2
D:13:     layout_cave_pools, david_vaults_5, gauntlet_entry_generic
D:14:     layout_cave_pods, serial_column_ruins, column_ruins_hut,
          column_ruins_hut_ruined, column_ruins_open_small,
          column_ruins_columns_straight, column_ruins_open_tiny,
          column_ruins_open_medium
D:15:     gammafunk_depths_entry_grave, layout_layer_cave
Lair:1:   layout_chaotic_city, st_stairs_12, serial_bayou_pond_c,
          serial_bayou_shore_b, lemuel_fruit_fields
Lair:2:   layout_regular_city, nicolae_spider_entry_tight_spaces,
          zaba_antful_of_joy
Lair:3:   layout_long_grid, serial_bayou_lagoon_b, uniq_snorg
Lair:4:   layout_small_grid, skrybe_swamp_entry_bodies, lemuel_fruit_tree
Lair:5:   layout_hall_layers, gammafunk_ghost_split
Lair:6:   minmay_lair_end_enchanted_forest, layout_loops_ring,
          dpeg_slime_entry_corner, st_stairs_9, minivault_25
Swamp:1:  layout_falls_marsh, gammafunk_ghost_abyssal_escape,
          evilmike_swamp_ruin_rubble_2
Swamp:2:  layout_basic_swamp, evilmike_swamp_ruin_house_6, swamp_pool2,
          ldierk_geyser, hangedman_swamp_blocks
Swamp:3:  layout_basic_swamp, nicolae_swamp_godswood, uniq_nikola
Swamp:4:  swamp_alternative, layout_basic_swamp, swamp_pool4
Spider:1: layout_spider_delve, uniq_jorgrun, uniq_azrael, uniq_roxanne
Spider:2: layout_spider_delve
Spider:3: layout_chambers, gammafunk_ghost_tricky_traps, uniq_kirke,
          uniq_arachne
Spider:4: spider_rune_water, hive_lemuel
Orc:1:    layout_caves, basic_altar, serial_shops, shop, sword_in_stone
Orc:2:    st_orc_mages, layout_diamond_mine, ebering_ghost_gozag, basic_altar,
          uniq_rupert
Elf:1:    eino_elf_arrival_sip, layout_geoelf_octagon, basic_altar,
          minmay_elf_necromancy, minmay_shoptagon, uniq_aizul
Elf:2:    layout_geoelf_grid, enter_trove_2, uniq_agnes
Elf:3:    minmay_elf_hall_dome, layout_loops_cross, serial_shops, shop,
          uniq_louise
Vaults:1: v_pattern_2, dpeg_vaults_monster_box, vaults_room_door_ring,
          ontoclasm_vaults_idyll, hangedman_vaults_stitches, v_misc_8,
          v_alt_pattern_2, hangedman_vaults_impose,
          vaults_room_grunt_arrival_ludios, vaults_room_pools,
          nicolae_vaults_circle_grid_b, layout_vaults_chaotic_city,
          serial_shops, shop
Vaults:2: ontoclasm_vaults_decontamination, vaults_mumra_hex,
          grunt_vaults_hallway_long, nicolae_vaults_arrows,
          nicolae_vaults_theta, ontoclasm_vaults_pinch, v_misc_3,
          hangedman_vaults_pinch, ontoclasm_vaults_eye, v_misc_5,
          vaults_room_hangedman_quadrants, layout_vaults_omnigrid, serial_shops,
          shop_fountains, shop, shop, shop
Vaults:3: nicolae_vaults_alarming, minmay_crypt_entry_simple_corners,
          grunt_vaults_hallway_short, vaults_room_pool,
          nicolae_vaults_hallways_thing, vaults_dpeg_cross,
          hangedman_vaults_unwind, vaults_room_pools, serial_ice_m, v_misc_29,
          hangedman_vaults_impose, v_misc_28, nicolae_vaults_little_squares_2,
          st_lattice, serial_ice_h, layout_vaults_big_cross,
          infiniplex_enter_wizlab_water
Vaults:4: kb_rosetta, hangedman_vaults_impose, vaults_room_fours,
          nicolae_vaults_circle_grid_a, grunt_vaults_hallway_short,
          nicolae_vaults_big_angled_halls, nicolae_vaults_what_the_h,
          nicolae_vaults_sealed_display, v_rooms_2, v_misc_4,
          nicolae_vaults_network_periphery, v_misc_19, nicolae_vaults_rhombus_7,
          nicolae_vaults_theta, layout_vaults_omnibox, serial_shops,
          bzr_entry_safe
Vaults:5
Crypt:1:  layout_catacombs, grunt_crypt_arrival_webbed
Crypt:2:  layout_rooms
Crypt:3:  lightli_unholy_cathedral, layout_chaotic_city,
          tomb_entry_moat_badplayer, gammafunk_ghost_abyssal_escape,
          st_stairs_1, uniq_xtahua, uniq_saint_roka
Depths:1: gammafunk_sealed_arena, layout_cave_shapes,
          hangedman_abyss_entry_splay, grunt_mini_vestibule,
          hangedman_decor_push, pan_entry, nicolae_island_escapes,
          grunt_megastairs_3, serial_bayou_shore_b
Depths:2: minmay_the_grid_triangle_9x9_recursive_3
          [minmay_the_grid_triangle_9x9_empty,
          minmay_the_grid_triangle_9x9_minimal,
          minmay_the_grid_triangle_9x9_descending_squares,
          minmay_the_grid_triangle_9x9_prize_schism,
          minmay_the_grid_triangle_9x9_sparse_checkered,
          minmay_the_grid_triangle_9x9_windchime,
          minmay_the_grid_triangle_9x9_impossible_snake,
          minmay_the_grid_triangle_9x9_negative_grid,
          minmay_the_grid_triangle_9x9_subtriangle], layout_gridville,
          enter_ziggurat_c, hell_entry, uniq_asterion, uniq_mara, uniq_sojobo
Depths:3: minmay_tile_spiral, layout_basic, lemuel_statue_altar,
          pf_dread_powers_of_hell, grunt_pan_entry_in_and_out, serial_shops,
          bzr_firewalk, kennysheep_another_room, lemuel_nasty_fountain,
          serial_bayou_shore_b, infiniplex_staircase_zigzag_1, uniq_mennas
Depths:4: kennysheep_blocky_hall, layout_gridville, hangedman_tar_grid_catacomb,
          abyss_entry, nicolae_barding_shop, grunt_megastairs_2, firewood_loft,
          minmay_staircase_windowed_large
Depths:5: evilmike_zot_entry_hall, layout_small_grid, hangedman_glass_teeth,
          hell_entry, rand_demon_pan_entry_3, gammafunk_ghost_grave,
          serial_bayou_shore_b, minmay_shop_grove, uniq_jory, uniq_boris
Zot:1:    layout_misc_corridors
Zot:2:    layout_cellular_growth, hangedman_zot_decor_tridents
Zot:3:    layout_twisted_circle
Zot:4:    layout_concentric_octagons, hangedman_zot_gyre
Zot:5:    layout_cellular_growth
